 Dungeon Crawl Stone Soup version 0.17-a0-1570-g74b7129 (webtiles) character file.

159 abixa the Chopper (level 5, -1/42 HPs)
             Began as a Hill Orc Gladiator on July 23, 2015.
             Slain by Grinder (5 damage)
             ... on level 3 of the Dungeon.
             The game lasted 00:09:30 (3234 turns).

abixa the Chopper (Hill Orc Gladiator)              Turns: 3234, Time: 00:09:31

Health: -1/42      AC:  9    Str: 18    XL:     5   Next: 40%
Magic:  5/5        EV: 10    Int:  8    God:
Gold:   132        SH:  0    Dex: 12    Spells: 0 memorised, 4 levels left

rFire  x . .     SeeInvis .     a - +0 war axe
rCold  + . .     Clarity  .     w - +0 scale mail
rNeg   . . .     SustAt   .     (no shield)
rPois  .         Gourm    .     r - +2 helmet
rElec  .         Spirit   .     (no cloak)
rCorr  .         Warding  .     (no gloves)
rMut   .         Stasis   .     (no boots)
MR     .....                    (no amulet)
Stlth  ..........               (no ring)
                                n - ring of ice (curse)

@: not resistant to hostile enchantments, extremely unstealthy
A: no striking features
a: no special abilities


You were on level 3 of the Dungeon.
You were hungry.

You visited 1 branch of the dungeon, and saw 3 of its levels.

You collected 132 gold pieces.

Inventory:

Hand weapons
 a - a +0 war axe (weapon)
 c - a +0 blowgun
 v - a +0 hunting sling
Missiles
 d - 3 throwing nets
 f - 36 arrows
 g - 80 stones (quivered)
 m - 42 poisoned needles
 p - 4 needles of sleeping
Armour
 r - a +2 helmet (worn)
 w - a +0 scale mail (worn)
Jewellery
 n - a cursed ring of ice (left hand)
Scrolls
 i - 2 scrolls of fear {unknown}
 j - 3 scrolls of identify {unknown}
 l - a scroll of noise {unknown}
 q - a scroll of fog {unknown}
 t - a scroll of teleportation {unknown}
Potions
 h - 3 potions of magic {unknown}
 k - a potion of brilliance {unknown}
 o - a potion of heal wounds {unknown}
 s - a potion of degeneration {unknown}
Comestibles
 e - 2 bread rations


   Skills:
 - Level 2.4 Fighting
 + Level 7.8 Axes
 - Level 2.0 Throwing
 - Level 2.4 Dodging


You had 4 spell levels left.
You didn't know any spells.

Dungeon Overview and Level Annotations

Branches:
Dungeon (3/15)

Altars:
Nemelex Xobeh
Trog

Annotations:
D:3 Grinder, Terence


Message History

Grinder is moderately wounded.
Grinder hits you.
You writhe in agony.
You closely miss Grinder.
Grinder is moderately wounded.
Grinder closely misses you.
You hit Grinder.
Grinder is moderately wounded.
Grinder hits you.
You writhe in agony.
* * * LOW HITPOINT WARNING * * *
Press: ? - help, v - describe, . - travel
Here: Grinder (moderately wounded)
The floor.
Unknown command.
You aren't carrying any items that can be evoked.
You closely miss Grinder.
Grinder is moderately wounded.
Grinder hits you!
* * * LOW HITPOINT WARNING * * *
You writhe in agony.
You die...

# #...# #..#.####.#####.#### #.
#.⌠.' #..#.# #.#####<####
#..#...# #..#÷# #...........
##'##))####..#.# ######......
#..#...#..).....#.#########..#.#.
#..#...'.(......÷..)))))<###.....
#..#...#.(####..########## ..#.#.
#..##'##..#..#.5....... +.....
###..#. #...'.)#.@####### #.....
..#..# #P..####..# ...##
#.#..####.........#
.[................##########
#........#####...........≈≈#####
.[#.###### ###########.≈##⌠#⌠##
#.#.# #§≈#≈≈≈≈≈# ..#.#
#§§#≈...≈## ###.# #.≈#§^..≈⌠#


You could see Grinder.

Vanquished Creatures
  Robin (D:3)
  4 gnolls
  2 adders (D:3)
  A worm (D:2)
  4 orcs (D:3)
  3 giant cockroaches
  19 goblins
  11 hobgoblins
  2 jackals (D:2)
  9 kobolds
  A quokka (D:3)
  A ball python (D:2)
  10 bats
  4 giant newts
  14 rats
86 creatures vanquished.

Notes
Turn   | Place    | Note
--------------------------------------------------------------
     0 | D:1      | abixa the Hill Orc Gladiator began the quest for the Orb.
     0 | D:1      | Reached XP level 1. HP: 18/18 MP: 1/1
   109 | D:1      | Reached skill level 5 in Axes
   109 | D:1      | Reached XP level 2. HP: 20/25 MP: 2/2
   311 | D:1      | Reached XP level 3. HP: 30/30 MP: 3/3
   504 | D:1      | Found a sparkling altar of Nemelex Xobeh.
  1088 | D:2      | Reached skill level 6 in Axes
  1318 | D:2      | Reached XP level 4. HP: 32/37 MP: 4/4
  1751 | D:3      | Noticed Robin
  1764 | D:3      | Killed Robin
  2186 | D:3      | Noticed Grinder
  2407 | D:3      | Found a bloodstained altar of Trog.
  2478 | D:3      | Reached skill level 7 in Axes
  2691 | D:3      | Reached XP level 5. HP: 20/42 MP: 5/5
  3181 | D:3      | Noticed Terence
  3225 | D:3      | Paralysed by Grinder for 6 turns
  3234 | D:3      | Slain by Grinder

Vault maps used:
D:1:      dpeg_arrival_three_same_balls, nrook_mini_backslash,
          nemelex_diamond_rough_becter
D:2:      corexii_corridor_pit, minmay_misc_feat_square, serial_bayou_lake_a
D:3:      corexii_shack_village, lightli_temple_of_fire, serial_glass,
          glass_columns_b, glass_columns_a, uniq_robin, uniq_grinder,
          uniq_terence, uniq_iyjb

Action                   |  1- 3 |  4- 6 || total
-------------------------+-------+-------++-------
Melee: War axe           |   122 |   133 ||   255
Throw: Stone             |     3 |       ||     3
  Eat: Chunk             |     1 |     6 ||     7
